 Dungeon Crawl Stone Soup version 0.27-a0-1416-g941b2bd30b (webtiles) character file.

Game seed: 11248585379037233316

7 Wyvernaa the Skirmisher (level 1, 0/18 HPs)
             Began as a Demonspawn Fighter on July 2, 2021.
             Slain by a jackal (2 damage)
             ... on level 1 of the Dungeon.
             The game lasted 00:00:22 (207 turns).

Wyvernaa the Skirmisher (Demonspawn Fighter)         Turns: 207, Time: 00:00:23

Health: 0/18       AC:  6    Str: 16    XL:     1   Next: 91%
Magic:  1/1        EV:  6    Int:  9    God:
Gold:   10         SH:  8    Dex: 12    Spells: 0/0 levels left

rFire    . . .     SeeInvis .   a - +0 flail
rCold    . . .     Faith    .   c - +0 kite shield
rNeg     . . .     Spirit   .   b - +0 scale mail
rPois    .         Reflect  .   (no helmet)
rElec    .         Harm     .   (no cloak)
rCorr    .         Rampage  .   (no gloves)
Will     .....                  (no boots)
Stlth    ..........             (no amulet)
HPRegen  0.06/turn              (no ring)
MPRegen  0.07/turn              (no ring)

@: mighty
A: no striking features
a: no special abilities


You were on level 1 of the Dungeon.
You visited 1 branch of the dungeon, and saw 1 of its levels.

You collected 10 gold pieces.

Inventory:

Hand Weapons
 a - a +0 flail (weapon)
Armour
 b - a +0 scale mail (worn)
 c - a +0 kite shield (worn)


   Skills:
 + Level 3.1 Fighting
 * Level 1.9 Maces & Flails
 + Level 2.9 Armour
 + Level 2.8 Shields


You couldn't memorise any spells.
You didn't know any spells.
Your spell library was empty.

Dungeon Overview and Level Annotations

Branches:
Dungeon (1/15)

Altars:


Message History

Your shield and scale mail prevent you from hitting the jackal.
The jackal is heavily wounded.
The jackal bites you but does no damage.
The jackal bites you.
* * * LOW HITPOINT WARNING * * *
You closely miss the jackal.
The jackal is heavily wounded.
The jackal bites you but does no damage.
The jackal bites you.
* * * LOW HITPOINT WARNING * * *
You closely miss the jackal.
The jackal is heavily wounded.
The jackal barely misses you.
The jackal bites you but does no damage.
The jackal barely misses you.
You feel very mighty all of a sudden. The jackal bites you.
* * * LOW HITPOINT WARNING * * *
You hit the jackal.
The jackal is severely wounded.
The jackal bites you but does no damage.
You block the jackal's attack.
You closely miss the jackal.
The jackal is severely wounded.
You block the jackal's attack. x2
You hit the jackal.
The jackal is severely wounded.
The jackal bites you but does no damage.
You block the jackal's attack. The jackal closely misses you.
Your shield prevents you from hitting the jackal.
The jackal is heavily wounded.
The jackal barely misses you. You block the jackal's attack.
You barely miss the jackal.
The jackal is heavily wounded.
You block the jackal's attack.
The jackal bites you but does no damage.
You closely miss the jackal.
The jackal is moderately wounded.
The jackal closely misses you. The jackal bites you.
You die...

#####.....#
##....)#####
#......#
###.....##
#........#
#.#.....##
#.#.#####
#.#.# #@#.#
#h#.#
#g#.###...
#.....g..#
###....#.#
####.# #


You could see a jackal and a goblin.

Vanquished Creatures
  2 bats (D:1)
  3 jackals (D:1)
  A kobold (D:1)
  A rat (D:1)
7 creatures vanquished.

Notes
Turn   | Place    | Note
-------+----------+-------------------------------------------
     0 | D:1      | Wyvernaa the Demonspawn Fighter began the quest for the
                  | Orb.
     0 | D:1      | Reached XP level 1. HP: 18/18 MP: 1/1
   207 | D:1      | Slain by a jackal

Illustrated notes

Levels and vault maps discovered:
D:1:      dpeg_arrival_signposts, layout_basic, chequers_decorated_corner,
          moated_statue

Action                   || total
-------------------------++-------
Melee: Flail             ||    41
  Use: Potion            ||     1
Armor: Scale mail        ||    32
Dodge: Dodged            ||    22
Block: Kite shield       ||    32

Table legend: (Time is in decaauts)
 A = Elapsed time spent in this place.
 B = Non-inter-level travel time spent in this place.
 C = Inter-level travel time spent in this place.
 D = Time resting spent in this place.
 E = Time spent auto-exploring this place.
 F = Levels seen in this place.
 G = Mean time per level.
                   A        B        C        D        E       F      G
               +--------+--------+--------+--------+--------+-----+--------+
         Total |    229 |    229 |      0 |      0 |    153 |   1 |  229.0 |
       Dungeon |    229 |    229 |      0 |      0 |    153 |   1 |  229.0 |
               +--------+--------+--------+--------+--------+-----+--------+

Top non-repeatable levels by time:
     D:1: 229 daAuts
